 Dungeon Crawl Stone Soup version 0.29-a0-998-g1987434951 (webtiles) character file.

Game seed: 10109778064866763377

170 drpainis the Chopper (level 5, -1/47 HPs)
             Began as a Hill Orc Monk on Aug 6, 2022.
             Was a Believer of Beogh.
             Slain by an orc
             ... wielding a +0 dagger
              (3 damage)
             ... on level 3 of the Dungeon.
             The game lasted 00:04:24 (3355 turns).

drpainis the Chopper (Hill Orc Monk)                Turns: 3355, Time: 00:04:25

Health: -1/47      AC: 13    Str: 16    XL:     5   Next: 51%
Magic:  5/5        EV:  2    Int: 10    God:    Beogh [**....]
Gold:   114        SH:  0    Dex: 13    Spells: 4/4 levels left

rFire   . . .      SeeInvis .   u - +4 dagger (venom)
rCold   . . .      Faith    .   (no shield)
rNeg    . . .      Spirit   .   r - +0 plate armour
rPois   .          Reflect  .   t - +1 helmet
rElec   .          Harm     .   (no cloak)
rCorr   .          Rampage  .   (no gloves)
Will    .....                   (no boots)
Stlth   ..........              (no amulet)
HPRegen 0.15/turn               (no ring)
MPRegen 0.09/turn               (no ring)

@: constricted, very slow
A: no striking features
a: Renounce Religion, Smiting


You were on level 3 of the Dungeon.
You worshipped Beogh.
Beogh was pleased with you.
You visited 1 branch of the dungeon, and saw 3 of its levels.

You collected 114 gold pieces.

Inventory:

Hand Weapons
 a - a +0 hand axe
 u - a +4 dagger of venom (weapon)
 v - a +1 hand axe of freezing
Armour
 b - a +0 robe
 g - a +0 leather armour
 r - a +0 plate armour (worn)
 t - a +1 helmet (worn)
Jewellery
 f - a ring of wizardry
Wands
 n - a wand of charming (10)
Scrolls
 i - a scroll of enchant armour {unknown}
 j - a scroll of silence {unknown}
 k - 3 scrolls of identify {unknown}
 m - a scroll of amnesia {unknown}
 o - 3 scrolls of noise {unknown}
 p - a scroll of butterflies {unknown}
 q - a scroll of vulnerability {unknown}
Potions
 c - a potion of ambrosia
 d - a potion of brilliance {unknown}
 h - a potion of cancellation {unknown}
 l - a potion of mutation {unknown}
 s - a potion of flight {unknown}


   Skills:
 + Level 4.5 Fighting
 + Level 0.1 Short Blades
 + Level 5.7 Axes
 + Level 2.4 Armour
 + Level 2.9 Dodging
 + Level 1.9 Stealth


You had 4 spell levels left.
You didn't know any spells.
Your spell library contained the following spells:

 Spells                   Type           Power      Damage    Failure   Level
 Sublimation of Blood     Necr           0%         N/A       100%        2
 Conjure Flame            Conj/Fire      0%         6-21      100%        3
 Ignite Poison            Fire/Tmut/Pois 0%         N/A       100%        3
 Petrify                  Tmut/Erth      0%         N/A       100%        4
 Sticky Flame             Conj/Fire      0%         2d3       100%        4
 Irradiate                Conj/Tmut      0%         3d11      100%        5


Dungeon Overview and Level Annotations

Branches:
Dungeon (3/15)

Altars:


Message History

The endoplasm hits you but does no damage.
You hit the endoplasm.
You kill the endoplasm!
Beogh accepts your kill.
There is a stone staircase leading down here.
A gnoll comes into view.
It is wielding a +3 flail and carrying a wand of light (9).
The gnoll shouts!
A gnoll is nearby!
A gnoll is nearby!
A gnoll comes into view. It is wielding a +0 halberd.
A gnoll comes into view. It is wielding a +0 club.
The gnoll zaps a wand.
The bolt of light hits you!
The gnoll shouts!
The gnoll zaps a wand.
The bolt of light hits you!
A gnoll comes into view. It is wielding a +0 whip.
The gnoll shouts!
The gnoll attacks as you move away! The gnoll barely misses you.
Okay, then.
As you read the scroll of teleportation, it crumbles to dust.
You feel strangely unstable. The gnoll hits you with a +3 flail.
The gnoll attacks as you move away! The gnoll closely misses you.
The gnoll zaps a wand.
The bolt of light hits you!
* * * LOW HITPOINT WARNING * * *
Your surroundings suddenly seem different.
A ball python, an orc priest and 3 orcs come into view.
Found 2 gold pieces.
Found a faded altar of an unknown god.
The ball python hisses angrily.
The orc shouts! x2; The orc priest shouts!
The orc shouts!
The ball python bites you but does no damage.
The ball python barely misses you. The orc priest barely misses you.
You enter the shallow water.
Moving in this stuff is going to be slow.
The ball python barely misses you. The ball python grabs you.
The ball python constricts you.
* * * LOW HITPOINT WARNING * * *
The orc priest hits you with a +0 flail.
* * * LOW HITPOINT WARNING * * *
The orc hits you with a +0 dagger.
You die...

...........<.....
............#######.....
..........## ######
.......### ........##
..o......# #..~~$.#
#.o~o~.# #.~~@S# #..o..#
#######


You could see an orc priest, 3 orcs and a ball python.

Vanquished Creatures
  Natasha (thrice) (D:2)
  Robin (D:2)
  2 adders
  5 dart slugs
  An orc (D:3)
  2 endoplasms
  3 giant cockroaches (D:1)
  6 hobgoblins
  5 kobolds
  A quokka (D:1)
  4 ball pythons
  10 bats
  A frilled lizard (D:1)
  10 goblins
  3 rats
57 creatures vanquished.

Vanquished Creatures (others)
  A dart slug (D:3)
  An endoplasm (D:3)
  A quokka (D:3)
3 creatures vanquished.

Grand Total: 60 creatures vanquished

Notes
Turn   | Place    | Note
-------+----------+-------------------------------------------
     0 | D:1      | drpainis the Hill Orc Monk began the quest for the Orb.
     0 | D:1      | Reached XP level 1. HP: 19/19 MP: 1/1
   149 | D:1      | Reached XP level 2. HP: 16/27 MP: 2/2
   699 | D:1      | Reached XP level 3. HP: 33/33 MP: 3/3
  1318 | D:2      | Noticed Natasha
  1328 | D:2      | Killed Natasha
  1329 | D:2      | Reached skill level 5 in Axes
  1329 | D:2      | Reached XP level 4. HP: 17/40 MP: 4/4
  1688 | D:2      | Noticed Natasha
  1696 | D:2      | Killed Natasha
  1697 | D:2      | Reached skill level 1 in Armour
  2073 | D:2      | Noticed Natasha
  2472 | D:2      | Killed Natasha
  2473 | D:2      | Reached XP level 5. HP: 28/47 MP: 5/5
  2656 | D:2      | Noticed Robin
  2675 | D:2      | Killed Robin
  3108 | D:3      | Became a worshipper of Beogh the Brigand
  3108 | D:3      | Reached * piety under Beogh
  3108 | D:3      | Reached ** piety under Beogh
  3354 | D:3      | Found a faded altar of an unknown god.
  3355 | D:3      | HP: 2/47 [orc priest/+0 flail (2)]
  3355 | D:3      | Slain by an orc

Illustrated notes

Levels and vault maps discovered:
D:1:      dpeg_arrival_water_temple_mockup, layout_loops_ring
D:2:      layout_loops_corners, nicolae_concentric_dashed_squares_mild,
          uniq_robin, uniq_natasha
D:3:      layout_rooms, hellmonk_ecumenical_altar_pennies_from_heaven

Skill      XL: |  1  2  3  4 |
---------------+-------------+-----
Fighting       | 4 |  4.5
Axes           | 5 |  5.7
Armour         | 2 |  2.4
Short Blades   | |  0.1
Dodging        | |  2.9
Stealth        | |  1.9

Action                   |  1- 3 |  4- 6 || total
-------------------------+-------+-------++-------
Melee: Hand axe          |    89 |   123 ||   212
       Dagger            |       |    13 ||    13
       Punch             |       |     1 ||     1
Invok: Convert to Beogh  |       |     1 ||     1
  Use: Scroll            |       |     2 ||     2
Armor: Robe              |     9 |       ||     9
       Leather armour    |    22 |    13 ||    35
       Plate armour      |       |    71 ||    71
Dodge: Dodged            |    65 |    78 ||   143

Table legend: (Time is in decaauts)
 A = Elapsed time spent in this place.
 B = Non-inter-level travel time spent in this place.
 C = Inter-level travel time spent in this place.
 D = Time resting spent in this place.
 E = Time spent auto-exploring this place.
 F = Levels seen in this place.
 G = Mean time per level.
                   A        B        C        D        E       F      G
               +--------+--------+--------+--------+--------+-----+--------+
         Total |   3363 |   3253 |    110 |    318 |   2213 |   3 | 1121.0 |
       Dungeon |   3363 |   3253 |    110 |    318 |   2213 |   3 | 1121.0 |
               +--------+--------+--------+--------+--------+-----+--------+

Top non-repeatable levels by time:
     D:2: 1833 daAuts
     D:1: 1278 daAuts
     D:3: 251 daAuts
